 Dungeon Crawl Stone Soup version 0.31.0-11-ge490571c62 (webtiles) character file.

Game seed: 17329227405162871849

14 ezpacito the Trooper (level 2, 24/24 HPs)
             Began as a Demonspawn Berserker on Jan 31, 2024.
             Was a Follower of Trog.
             Quit the game on level 1 of the Dungeon.
             The game lasted 00:00:29 (419 turns).

ezpacito the Trooper (Demonspawn Berserker)          Turns: 419, Time: 00:00:29

Health: 24/24      AC:  3    Str: 17    XL:     2   Next: 27%
Magic:  2/2        EV: 12    Int:  7    God:    Trog [*.....]
Gold:   73         SH:  0    Dex: 18    Spells: 1/1 levels left

rFire   . . .        a - +0 hand axe
rCold   . . .        (no shield)
rNeg    . . .        e - +0 leather armour
rPois   .            (no helmet)
rElec   .            (no cloak)
rCorr   .            (no gloves)
SInv    .            (no boots)
Will    .....        (no amulet)
Stlth   +            g - +6 ring of dexterity
HPRegen 0.24/turn    (no ring)
MPRegen 0.08/turn

%: no passive effects
@: no status effects
A: demonic magic 1
a: Renounce Religion, Berserk


You were on level 1 of the Dungeon.
You worshipped Trog.
Trog was aware of your devotion.
You visited 1 branch of the dungeon, and saw 1 of its levels.

You collected 73 gold pieces.

Inventory:

Hand Weapons
 a - a +0 hand axe (weapon)
Missiles
 d - 11 stones (quivered)
Armour
 e - a +0 leather armour (worn)
Jewellery
 g - a +6 ring of dexterity (left hand)
Scrolls
 b - a scroll of noise {unknown}
 c - a scroll of teleportation {unknown}
 h - a scroll of identify {unknown}
Potions
 f - a potion of heal wounds {unknown}
 i - a potion of cancellation {unknown}


   Skills:
 * Level 3.3 Fighting
 * Level 2.9 Axes
 * Level 1.8 Armour
 * Level 1.8 Dodging
 * Level 0.4 Stealth
 * Level 0.1 Unarmed Combat


You had one spell level left.
You didn't know any spells.
Your spell library was empty.

Dungeon Overview and Level Annotations

Branches:
Dungeon (1/15)

Altars:


Innate Abilities, Weirdness & Mutations

Spells you cast may paralyse adjacent enemies.


Message History

No target in view!
You see here a ball python corpse.
You open the door.
A hobgoblin and a bat come into view.
There are monsters nearby!
A goblin comes into view. It is wielding a +0 dagger.
Found 15 gold pieces.
The goblin shouts!
The hobgoblin shouts!
The bat hits you but does no damage. x2
There is an open door here.
You barely miss the bat. You closely miss the goblin.
The bat closely misses you. The bat hits you but does no damage.
The goblin hits you with a +0 dagger. The bat closely misses you.
You slash the bat!
You kill the bat!
Trog accepts your kill.
You closely miss the hobgoblin. You hit the goblin.
You kill the goblin!
Trog accepts your kill. The hobgoblin hits you.
You barely miss the hobgoblin. The hobgoblin hits you.
The hobgoblin closely misses you.
You hit the hobgoblin but do no damage. The hobgoblin hits you.
You hit the hobgoblin.
You kill the hobgoblin!
Trog accepts your kill.
No target in view!
No target in view!
No target in view!
No target in view!
No target in view!
No target in view!
You see here a +0 dagger.
You now have 73 gold pieces (gained 15).
You see here a +0 dagger.
There is an open door, spattered with blood here.
You see here a ball python corpse.
You see here a rat corpse.
Found a stone staircase leading down.
Are you sure you want to abandon this character and quit the game? (Confirm with "yes".)

#.#.#.......#
######.#.#.......#
.........#.......#
######.###.......# # #
####...........###+#.# #
#....................#
###.#######............#
.......................>
.##.#######.....@.......###
.##.#### #...............#
.......## #...............#
###.##..###...............#
###.###...##.####.........
....# ###....#
#.....#.###.. ####♣
###..####..)........
#..##.....)...####...
#..##................


There were no monsters in sight!

Vanquished Creatures
  2 bats (D:1)
  An endoplasm (D:1)
  2 goblins (D:1)
  2 hobgoblins (D:1)
  A ball python (D:1)
  2 kobolds (D:1)
  3 rats (D:1)
13 creatures vanquished.

Notes
Turn   | Place    | Note
-------+----------+-------------------------------------------
     0 | D:1      | ezpacito the Demonspawn Berserker began the quest for the
                  | Orb.
     0 | D:1      | Reached XP level 1. HP: 18/18 MP: 1/1
   261 | D:1      | Gained mutation: Spells you cast may paralyse adjacent
                  | enemies. [demonic ancestry]
   261 | D:1      | Reached XP level 2. HP: 23/24 MP: 2/2
   419 | D:1      | Quit the game

Illustrated notes

Levels and vault maps discovered:
D:1:      roderic_dead_forest, layout_basic,
          shapermc_ecumenical_altar_mp_vishouse

Action                     || total
---------------------------++-------
  Melee: Hand axe          ||    28
   Stab: Sleeping          ||     1
 Armour: Leather armour    ||    19
         Animal skin       ||     1
  Dodge: Dodged            ||    13
